Connexion

Barracuda vs Rampage

Created - 15 décembre 2023 at 05:53

Goals
1 2 3 T
Barracuda 3 2 0 5
Rampage 4 3 2 9
Shots
1 2 3 T
Barracuda 11 10 8 29
Rampage 11 15 10 36

GoalsPenalties
1st period
1. Rampage , Jayson Megna 14 (Curtis McKenzie 17) at 0:34 (SH)
2. Barracuda , Andy Welinski 12 (Brent Gates 29, Brendan Warren 27) at 0:52 (PP)
3. Rampage , Joseph Labate 21 (Curtis McKenzie 18, Johnny Kovacevic 13) at 7:14
4. Rampage , Michael Sgarbossa 14 (Nick Ritchie 8, Robert Hagg 34) at 8:40
5. Rampage , Josh Leivo 6 (Nick Holden 19) at 10:34
6. Barracuda , Trent Frederic 19 (Adam Cracknell 23, Matthew Phillips 30) at 15:12
7. Barracuda , Brendan Warren 20 (Brent Gates 30, Alexis D'Aoust 15) at 17:13 (PP)
Robert Hagg (SAN) for Delaying the game (Minor) at 0:10
Erik Gudbranson (SAN) for Slashing (Minor) at 4:00
Brent Gates (SAN) for Roughing (Minor) at 4:00
Nicolas Meloche (SAN) for Holding (Minor) at 4:38
Robert Hagg (SAN) for Slashing (Minor) at 15:39
Bode Wilde (SAN) for Holding (Minor) at 17:51
2nd period
8. Barracuda , Brent Gates 18 (Alexis D'Aoust 16, Scott Harrington 33) at 1:51 (PP)
9. Rampage , Hudson Fasching 14 (Michael Sgarbossa 28) at 6:26
10. Rampage , Sam Carrick 7 (Robert Hagg 35) at 6:39
11. Rampage , Nick Ritchie 5 (Robert Hagg 36, Josh Brown 18) at 9:46 (PP)
12. Barracuda , Andrei Altybarmakyan 9 (Graham Knott 10, Jordy Bellerive 12) at 19:22
Erik Gudbranson (SAN) for Slashing (Double Minor) at 1:41
Adam Cracknell (SAN) for Roughing (Minor) at 7:52
Scott Harrington (SAN) for Slashing (Minor) at 16:56
3rd period
13. Rampage , Hudson Fasching 15 (Steven Kampfer 15, Michael Sgarbossa 29) at 7:18
14. Rampage , Josh Leivo 7 (Eric Cornel 8, Jayden Halbgewachs 2) at 16:21
Erik Gudbranson (SAN) for Slashing (Minor) at 10:24
Dmytro Timashov (SAN) for Tripping (Minor) at 16:42
Goalie Stats
Ken Appleby (SAN), 6 saves from 10 shots - (0,600), 10:34 minutes
Joel Rumpel (SAN), 21 saves from 26 shots - (0,808), L, 0-3-1, 49:26 minutes
Adam Werner (SAN), 24 saves from 29 shots - (0,828), W, 16-16-4, 60:00 minutes
3 StarsOfficial
1 - Michael Sgarbossa (SAN)
2 - Hudson Fasching (SAN)
3 - Nick Ritchie (SAN)
Referees : Paul Devorski and Dan O'Halloran
Linesman : Scott Cherrey and Tim Nowak
Game Note
Joel Rumpel enters game at 10:34 of 1st period
Finance
Level 1 -- Attendance: 1344 (67,20%) -- Ticket Income $56,448
Level 2 -- Attendance: 889 (88,90%) -- Ticket Income $16,002
Total Attendance: 2233 (74,43%)
Total Ticket Income: $72,450
Other Income: $14,490
Total Income: $86,940



Team Name Goals Shots Shots Attemp Shots Blocked PIM HIT PP PK FO%
Barracuda 529591010173 / 6 (50%)147%
Rampage 936761014261 / 4 (25%)353%

Barracuda
Player Name POS G A P +/- PIM HIT SHT SB MP PP MP PP SHT PK MP PK SHT FO% FOT
Adam Cracknell C/LW/RW011-2223025:074:2423:35055% 29
Albin GreweLW000000000:000:0000:0000% 0
Alexis D'AoustC/RW022-2013117:223:5900:0000% 0
Anatoly GolyshevLW/RW000-100003:430:0000:0000% 0
Andrei AltybarmakyanRW101-2002013:140:0000:0000% 1
Andy WelinskiD1010023021:274:0813:4500% 0
Bode WildeD000-2200115:170:0001:3700% 0
Brendan WarrenC/LW112-2008020:113:5932:49044% 27
Brent GatesC/LW123-2212119:183:5911:570100% 2
Fredrik OlofssonC/LW000-100004:270:0000:44050% 4
Graham KnottC/LW011-2012014:370:0001:23020% 5
Jordy BelleriveC011-2002113:140:0000:00057% 14
Julius BergmanD000-2030313:410:0000:0000% 0
Matthew PhillipsC/RW011-1002017:124:2420:0000% 2
Nicolas MelocheD000-4230223:434:1502:5800% 0
Robert BortuzzoD000-4000024:524:1504:0600% 0
Scott HarringtonD0110220120:574:0803:1600% 0
Trent FredericC/LW101-1022021:434:2403:53020% 5
Rampage
Player Name POS G A P +/- PIM HIT SHT SB MP PP MP PP SHT PK MP PK SHT FO% FOT
Curtis McKenzieC/LW/RW0222021123:223:0204:40135% 23
Dmytro TimashovLW0000212112:510:0001:100100% 1
Eric CornelC/RW011100107:020:0000:23050% 6
Erik Gudbranson D0002832121:513:0612:2000% 0
Hudson FaschingRW2023004017:253:2802:510100% 4
Jayden HalbgewachsLW011100106:390:0000:0000% 0
Jayson MegnaRW1012014122:402:4504:15160% 20
Joey AndersonRW0000014015:020:0002:511100% 1
Johnny KovacevicD0111030011:410:0000:0000% 0
Joseph LabateLW1011013017:483:0210:3600% 1
Josh BrownD0113040024:053:2403:4300% 0
Josh LeivoRW202101306:390:0000:0000% 0
Michael SgarbossaC1233004014:053:2800:00059% 17
Nick HoldenD0112021124:293:0604:2600% 0
Nick RitchieLW1123033014:053:2830:0000% 0
Robert HaggD0332432223:203:2413:0010% 0
Sam CarrickC1010011011:590:1700:00050% 16
Steven KampferD0112000314:290:0003:1700% 0



Play-by-Play

1st period


0:01 of 1st period - Adam Cracknell wins face-off versus Curtis McKenzie in neutral zone.
0:03 of 1st period - Matthew Phillips is hit by Josh Brown and loses puck.
0:07 of 1st period - Icing by Robert Hagg.
0:08 of 1st period - Brendan Warren wins face-off versus Curtis McKenzie in Rampage zone.
0:10 of 1st period - Minor Penalty to Robert Hagg for Delaying the game.
0:11 of 1st period - Adam Cracknell wins face-off versus Jayson Megna in Rampage zone.
0:30 of 1st period - Shot by Joey Anderson.
0:30 of 1st period - Stopped by Ken Appleby without a rebound.
0:31 of 1st period - Curtis McKenzie wins face-off versus Brendan Warren in Barracuda zone.
0:34 of 1st period - Shot by Jayson Megna.
0:34 of 1st period - Goal by Jayson Megna - Barracuda : 0 - Rampage : 1.
0:35 of 1st period - Jayson Megna wins face-off versus Brendan Warren in neutral zone.
0:52 of 1st period - Shot by Andy Welinski.
0:52 of 1st period - Goal by Andy Welinski - Barracuda : 1 - Rampage : 1.
0:53 of 1st period - Curtis McKenzie wins face-off versus Adam Cracknell in neutral zone.
1:13 of 1st period - Jayson Megna is hit by Nicolas Meloche and loses puck.
1:17 of 1st period - Curtis McKenzie is hit by Nicolas Meloche and loses puck.
1:46 of 1st period - Nick Holden is hit by Trent Frederic and loses puck.
1:57 of 1st period - Shot by Nick Ritchie.
1:57 of 1st period - Shot Misses the Net.
2:05 of 1st period - Shot by Brendan Warren.
2:05 of 1st period - Stopped by Adam Werner without a rebound.
2:06 of 1st period - Sam Carrick wins face-off versus Graham Knott in Rampage zone.
2:32 of 1st period - Shot by Graham Knott.
2:32 of 1st period - Stopped by Adam Werner with a rebound.
3:03 of 1st period - Bode Wilde is hit by Nick Holden and loses puck.
3:10 of 1st period - Shot by Josh Leivo.
3:10 of 1st period - Deflect By Eric Cornel.
3:10 of 1st period - Shot Misses the Net.
3:16 of 1st period - Shot by Eric Cornel.
3:16 of 1st period - Shot Misses the Net.
3:18 of 1st period - Shot by Erik Gudbranson .
3:18 of 1st period - Shot Blocked by Julius Bergman.
3:20 of 1st period - Shot by Josh Leivo.
3:20 of 1st period - Shot Misses the Net.
3:24 of 1st period - Shot by Jayden Halbgewachs.
3:24 of 1st period - Shot Blocked by Jordy Bellerive.
3:40 of 1st period - Alexis D'Aoust is hit by Josh Leivo and loses puck.
3:49 of 1st period - Erik Gudbranson is hit by Alexis D'Aoust and loses puck.
3:56 of 1st period - Shot by Brendan Warren.
3:56 of 1st period - Shot Misses the Net.
3:58 of 1st period - Shot by Brendan Warren.
3:58 of 1st period - Shot Misses the Net.
4:00 of 1st period - Shot by Alexis D'Aoust.
4:00 of 1st period - Stopped by Adam Werner without a rebound.
4:00 of 1st period - Minor Penalty to Erik Gudbranson for Slashing.
4:00 of 1st period - Minor Penalty to Brent Gates for Roughing.
4:01 of 1st period - Adam Cracknell wins face-off versus Jayson Megna in Rampage zone.
4:01 of 1st period - Adam Cracknell is hit by Robert Hagg.
4:38 of 1st period - Minor Penalty to Nicolas Meloche for Holding.
4:39 of 1st period - Hudson Fasching wins face-off versus Adam Cracknell in Barracuda zone.
4:46 of 1st period - Shot by Hudson Fasching.
4:46 of 1st period - Shot Blocked by Scott Harrington.
4:59 of 1st period - Icing by Hudson Fasching.
5:00 of 1st period - Hudson Fasching wins face-off versus Adam Cracknell in Rampage zone.
5:07 of 1st period - Shot by Hudson Fasching.
5:07 of 1st period - Stopped by Ken Appleby without a rebound.
5:08 of 1st period - Jayson Megna wins face-off versus Trent Frederic in Barracuda zone.
5:11 of 1st period - Shot by Robert Hagg.
5:11 of 1st period - Deflect By Jayson Megna.
5:11 of 1st period - Stopped by Ken Appleby without a rebound.
5:12 of 1st period - Jayson Megna wins face-off versus Adam Cracknell in Barracuda zone.
5:33 of 1st period - Icing by Robert Hagg.
5:34 of 1st period - Jayson Megna wins face-off versus Trent Frederic in Rampage zone.
5:38 of 1st period - Icing by Curtis McKenzie.
5:39 of 1st period - Adam Cracknell wins face-off versus Jayson Megna in Rampage zone.
5:56 of 1st period - Shot by Jayson Megna.
5:56 of 1st period - Shot Misses the Net.
6:02 of 1st period - Shot by Nick Ritchie.
6:02 of 1st period - Stopped by Ken Appleby with a rebound.
6:20 of 1st period - Shot by Nick Ritchie.
6:20 of 1st period - Shot Misses the Net.
6:40 of 1st period - Shot by Joey Anderson.
6:40 of 1st period - Stopped by Ken Appleby with a rebound.
6:42 of 1st period - Shot by Dmytro Timashov.
6:42 of 1st period - Stopped by Ken Appleby without a rebound.
6:43 of 1st period - Brent Gates wins face-off versus Sam Carrick in Barracuda zone.
6:43 of 1st period - Brent Gates is hit by Sam Carrick.
6:59 of 1st period - Shot by Alexis D'Aoust.
6:59 of 1st period - Stopped by Adam Werner without a rebound.
7:00 of 1st period - Jordy Bellerive wins face-off versus Curtis McKenzie in Rampage zone.
7:00 of 1st period - Jordy Bellerive is hit by Johnny Kovacevic.
7:05 of 1st period - Graham Knott is hit by Johnny Kovacevic and loses puck.
7:14 of 1st period - Shot by Curtis McKenzie.
7:14 of 1st period - Deflect By Joseph Labate.
7:14 of 1st period - Goal by Joseph Labate - Barracuda : 1 - Rampage : 2.
7:15 of 1st period - Michael Sgarbossa wins face-off versus Brendan Warren in neutral zone.
7:20 of 1st period - Shot by Nick Ritchie.
7:20 of 1st period - Shot Misses the Net.
7:26 of 1st period - Shot by Brent Gates.
7:26 of 1st period - Shot Misses the Net.
7:30 of 1st period - Shot by Brent Gates.
7:30 of 1st period - Stopped by Adam Werner without a rebound.
7:31 of 1st period - Adam Cracknell wins face-off versus Curtis McKenzie in Rampage zone.
7:34 of 1st period - Shot by Trent Frederic.
7:34 of 1st period - Shot Misses the Net.
8:40 of 1st period - Shot by Michael Sgarbossa.
8:40 of 1st period - Goal by Michael Sgarbossa - Barracuda : 1 - Rampage : 3.
8:41 of 1st period - Brent Gates wins face-off versus Sam Carrick in neutral zone.
8:46 of 1st period - Shot by Brendan Warren.
8:46 of 1st period - Shot Blocked by Dmytro Timashov.
9:05 of 1st period - Sam Carrick is hit by Andy Welinski and loses puck.
10:34 of 1st period - Shot by Josh Leivo.
10:34 of 1st period - Goal by Josh Leivo - Barracuda : 1 - Rampage : 4.
10:34 of 1st period - Joel Rumpel enters game.
10:35 of 1st period - Adam Cracknell wins face-off versus Curtis McKenzie in neutral zone.
10:44 of 1st period - Icing by Jayson Megna.
10:45 of 1st period - Brendan Warren wins face-off versus Curtis McKenzie in Rampage zone.
10:46 of 1st period - Shot by Alexis D'Aoust.
10:46 of 1st period - Deflect By Brendan Warren.
10:46 of 1st period - Shot Misses the Net.
10:48 of 1st period - Shot by Scott Harrington.
10:48 of 1st period - Shot Misses the Net.
10:50 of 1st period - Shot by Andy Welinski.
10:50 of 1st period - Stopped by Adam Werner without a rebound.
10:51 of 1st period - Jayson Megna wins face-off versus Brendan Warren in Rampage zone.
11:07 of 1st period - Shot by Joseph Labate.
11:07 of 1st period - Shot Misses the Net.
11:29 of 1st period - Shot by Joseph Labate.
11:29 of 1st period - Shot Misses the Net.
11:31 of 1st period - Shot by Joseph Labate.
11:31 of 1st period - Shot Blocked by Alexis D'Aoust.
12:03 of 1st period - Shot by Hudson Fasching.
12:03 of 1st period - Stopped by Joel Rumpel without a rebound.
12:04 of 1st period - Sam Carrick wins face-off versus Graham Knott in Barracuda zone.
12:19 of 1st period - Shot by Sam Carrick.
12:19 of 1st period - Deflect By Joey Anderson.
12:19 of 1st period - Shot Misses the Net.
12:27 of 1st period - Shot by Graham Knott.
12:27 of 1st period - Stopped by Adam Werner with a rebound.
13:03 of 1st period - Icing by Steven Kampfer.
13:04 of 1st period - Fredrik Olofsson wins face-off versus Sam Carrick in Rampage zone.
13:11 of 1st period - Shot by Adam Cracknell .
13:11 of 1st period - Shot Misses the Net.
13:13 of 1st period - Shot by Robert Bortuzzo.
13:13 of 1st period - Shot Blocked by Steven Kampfer.
13:15 of 1st period - Shot by Adam Cracknell .
13:15 of 1st period - Shot Misses the Net.
13:37 of 1st period - Robert Bortuzzo is hit by Joseph Labate and loses puck.
14:17 of 1st period - Off-side.
14:18 of 1st period - Michael Sgarbossa wins face-off versus Jordy Bellerive in neutral zone.
14:33 of 1st period - Shot by Graham Knott.
14:33 of 1st period - Deflect By Andrei Altybarmakyan.
14:33 of 1st period - Stopped by Adam Werner without a rebound.
14:34 of 1st period - Adam Cracknell wins face-off versus Eric Cornel in Rampage zone.
15:10 of 1st period - Shot by Trent Frederic.
15:10 of 1st period - Shot Misses the Net.
15:12 of 1st period - Shot by Adam Cracknell .
15:12 of 1st period - Deflect By Trent Frederic.
15:12 of 1st period - Goal by Trent Frederic - Barracuda : 2 - Rampage : 4.
15:13 of 1st period - Brendan Warren wins face-off versus Curtis McKenzie in neutral zone.
15:15 of 1st period - Nicolas Meloche is hit by Jayson Megna and loses puck.
15:22 of 1st period - Shot by Brendan Warren.
15:22 of 1st period - Shot Blocked by Jayson Megna.
15:24 of 1st period - Shot by Brent Gates.
15:24 of 1st period - Shot Blocked by Robert Hagg.
15:26 of 1st period - Shot by Brendan Warren.
15:26 of 1st period - Shot Misses the Net.
15:28 of 1st period - Shot by Robert Bortuzzo.
15:28 of 1st period - Shot Misses the Net.
15:30 of 1st period - Shot by Nicolas Meloche.
15:30 of 1st period - Shot Misses the Net.
15:32 of 1st period - Shot by Nicolas Meloche.
15:32 of 1st period - Shot Misses the Net.
15:39 of 1st period - Minor Penalty to Robert Hagg for Slashing.
15:40 of 1st period - Trent Frederic wins face-off versus Jayson Megna in Rampage zone.
15:41 of 1st period - Shot by Andy Welinski.
15:41 of 1st period - Shot Blocked by Erik Gudbranson .
16:34 of 1st period - Icing by Robert Bortuzzo.
16:35 of 1st period - Brendan Warren wins face-off versus Jayson Megna in Barracuda zone.
16:52 of 1st period - Robert Bortuzzo is hit by Joey Anderson and loses puck.
17:13 of 1st period - Shot by Brendan Warren.
17:13 of 1st period - Goal by Brendan Warren - Barracuda : 3 - Rampage : 4.
17:14 of 1st period - Jordy Bellerive wins face-off versus Eric Cornel in neutral zone.
17:51 of 1st period - Minor Penalty to Bode Wilde for Holding.
17:52 of 1st period - Curtis McKenzie wins face-off versus Adam Cracknell in Barracuda zone.
18:14 of 1st period - Shot by Josh Brown.
18:14 of 1st period - Shot Misses the Net.
18:36 of 1st period - Nicolas Meloche is hit by Josh Brown and loses puck.
Goals for this period are 3 for Barracuda vs 4 for Rampage.
Shots for this period are 11 for Barracuda vs 11 for Rampage.

2nd period


0:01 of 2nd period - Adam Cracknell wins face-off versus Curtis McKenzie in neutral zone.
0:23 of 2nd period - Icing by Josh Brown.
0:24 of 2nd period - Brendan Warren wins face-off versus Curtis McKenzie in Rampage zone.
0:25 of 2nd period - Shot by Andy Welinski.
0:25 of 2nd period - Stopped by Adam Werner with a rebound.
0:46 of 2nd period - Brendan Warren is hit by Josh Brown and loses puck.
0:53 of 2nd period - Shot by Alexis D'Aoust.
0:53 of 2nd period - Stopped by Adam Werner with a rebound.
1:02 of 2nd period - Off-side.
1:03 of 2nd period - Michael Sgarbossa wins face-off versus Adam Cracknell in neutral zone.
1:29 of 2nd period - Matthew Phillips is hit by Erik Gudbranson and loses puck.
1:41 of 2nd period - Double Minor Penalty to Erik Gudbranson for Slashing.
1:42 of 2nd period - Jayson Megna wins face-off versus Brendan Warren in Rampage zone.
1:51 of 2nd period - Shot by Brent Gates.
1:51 of 2nd period - Goal by Brent Gates - Barracuda : 4 - Rampage : 4.
1:52 of 2nd period - Jayson Megna wins face-off versus Brendan Warren in neutral zone.
2:23 of 2nd period - Shot by Brendan Warren.
2:23 of 2nd period - Stopped by Adam Werner without a rebound.
2:24 of 2nd period - Hudson Fasching wins face-off versus Adam Cracknell in Rampage zone.
2:35 of 2nd period - Shot by Adam Cracknell .
2:35 of 2nd period - Stopped by Adam Werner with a rebound.
2:37 of 2nd period - Shot by Robert Bortuzzo.
2:37 of 2nd period - Shot Blocked by Steven Kampfer.
2:39 of 2nd period - Shot by Trent Frederic.
2:39 of 2nd period - Shot Blocked by Nick Holden.
2:41 of 2nd period - Shot by Adam Cracknell .
2:41 of 2nd period - Stopped by Adam Werner without a rebound.
2:42 of 2nd period - Jayson Megna wins face-off versus Trent Frederic in Rampage zone.
2:42 of 2nd period - Jayson Megna is hit by Trent Frederic.
3:43 of 2nd period - Shot by Brendan Warren.
3:43 of 2nd period - Stopped by Adam Werner without a rebound.
3:44 of 2nd period - Brendan Warren wins face-off versus Jayson Megna in Rampage zone.
4:22 of 2nd period - Shot by Michael Sgarbossa.
4:22 of 2nd period - Stopped by Joel Rumpel without a rebound.
4:23 of 2nd period - Brendan Warren wins face-off versus Sam Carrick in Barracuda zone.
4:44 of 2nd period - Shot by Joey Anderson.
4:44 of 2nd period - Shot Misses the Net.
4:46 of 2nd period - Shot by Dmytro Timashov.
4:46 of 2nd period - Shot Misses the Net.
5:02 of 2nd period - Shot by Josh Brown.
5:02 of 2nd period - Shot Misses the Net.
5:04 of 2nd period - Shot by Joey Anderson.
5:04 of 2nd period - Stopped by Joel Rumpel without a rebound.
5:05 of 2nd period - Curtis McKenzie wins face-off versus Adam Cracknell in Barracuda zone.
5:05 of 2nd period - Steven Kampfer is hit by Nicolas Meloche and loses puck.
6:26 of 2nd period - Shot by Hudson Fasching.
6:26 of 2nd period - Goal by Hudson Fasching - Barracuda : 4 - Rampage : 5.
6:27 of 2nd period - Brendan Warren wins face-off versus Sam Carrick in neutral zone.
6:39 of 2nd period - Shot by Sam Carrick.
6:39 of 2nd period - Goal by Sam Carrick - Barracuda : 4 - Rampage : 6.
6:40 of 2nd period - Eric Cornel wins face-off versus Jordy Bellerive in neutral zone.
6:52 of 2nd period - Jordy Bellerive is hit by Robert Hagg and loses puck.
7:05 of 2nd period - Shot by Jayden Halbgewachs.
7:05 of 2nd period - Stopped by Joel Rumpel with a rebound.
7:07 of 2nd period - Shot by Josh Leivo.
7:07 of 2nd period - Stopped by Joel Rumpel without a rebound.
7:08 of 2nd period - Curtis McKenzie wins face-off versus Brendan Warren in Barracuda zone.
7:08 of 2nd period - Jayson Megna is hit by Scott Harrington.
7:31 of 2nd period - Icing by Nick Holden.
7:32 of 2nd period - Adam Cracknell wins face-off versus Curtis McKenzie in Rampage zone.
7:39 of 2nd period - Icing by Curtis McKenzie.
7:40 of 2nd period - Adam Cracknell wins face-off versus Joseph Labate in Rampage zone.
7:52 of 2nd period - Minor Penalty to Adam Cracknell for Roughing.
7:53 of 2nd period - Hudson Fasching wins face-off versus Graham Knott in Barracuda zone.
8:08 of 2nd period - Shot by Robert Hagg.
8:08 of 2nd period - Shot Misses the Net.
9:14 of 2nd period - Shot by Jayson Megna.
9:14 of 2nd period - Deflect By Joseph Labate.
9:14 of 2nd period - Shot Misses the Net.
9:30 of 2nd period - Icing by Nick Ritchie.
9:31 of 2nd period - Michael Sgarbossa wins face-off versus Graham Knott in Rampage zone.
9:44 of 2nd period - Shot by Robert Hagg.
9:44 of 2nd period - Shot Misses the Net.
9:46 of 2nd period - Shot by Nick Ritchie.
9:46 of 2nd period - Goal by Nick Ritchie - Barracuda : 4 - Rampage : 7.
9:47 of 2nd period - Sam Carrick wins face-off versus Brendan Warren in neutral zone.
10:09 of 2nd period - Shot by Sam Carrick.
10:09 of 2nd period - Shot Misses the Net.
10:12 of 2nd period - Icing by Julius Bergman.
10:13 of 2nd period - Eric Cornel wins face-off versus Brendan Warren in Barracuda zone.
11:19 of 2nd period - Icing by Josh Brown.
11:20 of 2nd period - Jayson Megna wins face-off versus Adam Cracknell in Rampage zone.
11:49 of 2nd period - Shot by Jayson Megna.
11:49 of 2nd period - Stopped by Joel Rumpel without a rebound.
11:50 of 2nd period - Jordy Bellerive wins face-off versus Michael Sgarbossa in Barracuda zone.
11:50 of 2nd period - Scott Harrington is hit by Nick Ritchie and loses puck.
11:56 of 2nd period - Off-side.
11:57 of 2nd period - Jordy Bellerive wins face-off versus Michael Sgarbossa in neutral zone.
12:36 of 2nd period - Shot by Michael Sgarbossa.
12:36 of 2nd period - Shot Misses the Net.
13:22 of 2nd period - Shot by Trent Frederic.
13:22 of 2nd period - Stopped by Adam Werner without a rebound.
13:23 of 2nd period - Sam Carrick wins face-off versus Fredrik Olofsson in Rampage zone.
13:23 of 2nd period - Steven Kampfer is hit by Adam Cracknell and loses puck.
14:38 of 2nd period - Nick Holden is hit by Brent Gates and loses puck.
15:52 of 2nd period - Shot by Graham Knott.
15:52 of 2nd period - Shot Blocked by Robert Hagg.
15:58 of 2nd period - Shot by Jayson Megna.
15:58 of 2nd period - Stopped by Joel Rumpel without a rebound.
15:59 of 2nd period - Michael Sgarbossa wins face-off versus Andrei Altybarmakyan in Barracuda zone.
16:10 of 2nd period - Shot by Jordy Bellerive.
16:10 of 2nd period - Stopped by Adam Werner without a rebound.
16:11 of 2nd period - Joey Anderson wins face-off versus Adam Cracknell in Rampage zone.
16:15 of 2nd period - Icing by Sam Carrick.
16:16 of 2nd period - Adam Cracknell wins face-off versus Sam Carrick in Rampage zone.
16:43 of 2nd period - Shot by Matthew Phillips.
16:43 of 2nd period - Shot Misses the Net.
16:56 of 2nd period - Minor Penalty to Scott Harrington for Slashing.
16:57 of 2nd period - Adam Cracknell wins face-off versus Curtis McKenzie in Barracuda zone.
17:24 of 2nd period - Shot by Joseph Labate.
17:24 of 2nd period - Stopped by Joel Rumpel without a rebound.
17:25 of 2nd period - Brendan Warren wins face-off versus Michael Sgarbossa in Barracuda zone.
17:42 of 2nd period - Icing by Erik Gudbranson .
17:43 of 2nd period - Michael Sgarbossa wins face-off versus Brendan Warren in Rampage zone.
17:50 of 2nd period - Andy Welinski is hit by Nick Ritchie and loses puck.
18:06 of 2nd period - Shot by Erik Gudbranson .
18:06 of 2nd period - Shot Blocked by Bode Wilde.
18:08 of 2nd period - Shot by Erik Gudbranson .
18:08 of 2nd period - Stopped by Joel Rumpel with a rebound.
18:10 of 2nd period - Shot by Michael Sgarbossa.
18:10 of 2nd period - Shot Blocked by Brent Gates.
18:16 of 2nd period - Shot by Nick Ritchie.
18:16 of 2nd period - Stopped by Joel Rumpel with a rebound.
18:36 of 2nd period - Shot by Robert Hagg.
18:36 of 2nd period - Stopped by Joel Rumpel with a rebound.
19:02 of 2nd period - Icing by Scott Harrington.
19:03 of 2nd period - Sam Carrick wins face-off versus Jordy Bellerive in Barracuda zone.
19:03 of 2nd period - Dmytro Timashov is hit by Scott Harrington and loses puck.
19:20 of 2nd period - Shot by Graham Knott.
19:20 of 2nd period - Shot Blocked by Steven Kampfer.
19:22 of 2nd period - Shot by Andrei Altybarmakyan.
19:22 of 2nd period - Goal by Andrei Altybarmakyan - Barracuda : 5 - Rampage : 7.
19:23 of 2nd period - Fredrik Olofsson wins face-off versus Eric Cornel in neutral zone.
19:38 of 2nd period - Shot by Josh Leivo.
19:38 of 2nd period - Deflect By Eric Cornel.
19:38 of 2nd period - Shot Misses the Net.
19:40 of 2nd period - Shot by Nick Holden.
19:40 of 2nd period - Shot Blocked by Nicolas Meloche.
19:42 of 2nd period - Shot by Erik Gudbranson .
19:42 of 2nd period - Stopped by Joel Rumpel with a rebound.
19:44 of 2nd period - Shot by Jayden Halbgewachs.
19:44 of 2nd period - Shot Misses the Net.
19:46 of 2nd period - Shot by Eric Cornel.
19:46 of 2nd period - Stopped by Joel Rumpel with a rebound.
19:56 of 2nd period - Shot by Josh Leivo.
19:56 of 2nd period - Shot Misses the Net.
Goals for this period are 2 for Barracuda vs 3 for Rampage.
Shots for this period are 10 for Barracuda vs 15 for Rampage.

3rd period


0:01 of 3rd period - Curtis McKenzie wins face-off versus Matthew Phillips in neutral zone.
0:49 of 3rd period - Icing by Robert Bortuzzo.
0:50 of 3rd period - Michael Sgarbossa wins face-off versus Adam Cracknell in Barracuda zone.
0:59 of 3rd period - Shot by Hudson Fasching.
0:59 of 3rd period - Shot Misses the Net.
1:01 of 3rd period - Shot by Nick Holden.
1:01 of 3rd period - Stopped by Joel Rumpel with a rebound.
1:03 of 3rd period - Shot by Hudson Fasching.
1:03 of 3rd period - Shot Misses the Net.
1:05 of 3rd period - Shot by Nick Holden.
1:05 of 3rd period - Shot Misses the Net.
1:07 of 3rd period - Shot by Hudson Fasching.
1:07 of 3rd period - Shot Blocked by Nicolas Meloche.
1:09 of 3rd period - Shot by Michael Sgarbossa.
1:09 of 3rd period - Stopped by Joel Rumpel without a rebound.
1:10 of 3rd period - Sam Carrick wins face-off versus Brendan Warren in Barracuda zone.
1:31 of 3rd period - Shot by Brent Gates.
1:31 of 3rd period - Shot Misses the Net.
1:46 of 3rd period - Brent Gates is hit by Johnny Kovacevic and loses puck.
2:02 of 3rd period - Icing by Bode Wilde.
2:03 of 3rd period - Graham Knott wins face-off versus Curtis McKenzie in Barracuda zone.
2:09 of 3rd period - Off-side.
2:10 of 3rd period - Jordy Bellerive wins face-off versus Curtis McKenzie in neutral zone.
2:12 of 3rd period - Bode Wilde is hit by Robert Hagg and loses puck.
2:20 of 3rd period - Joseph Labate is hit by Julius Bergman and loses puck.
2:37 of 3rd period - Shot by Curtis McKenzie.
2:37 of 3rd period - Shot Blocked by Julius Bergman.
2:39 of 3rd period - Shot by Robert Hagg.
2:39 of 3rd period - Deflect By Joseph Labate.
2:39 of 3rd period - Shot Misses the Net.
2:41 of 3rd period - Shot by Curtis McKenzie.
2:41 of 3rd period - Deflect By Jayson Megna.
2:41 of 3rd period - Shot Misses the Net.
2:44 of 3rd period - Joseph Labate is hit by Julius Bergman and loses puck.
2:49 of 3rd period - Shot by Joseph Labate.
2:49 of 3rd period - Stopped by Joel Rumpel without a rebound.
2:50 of 3rd period - Michael Sgarbossa wins face-off versus Adam Cracknell in Barracuda zone.
2:51 of 3rd period - Shot by Hudson Fasching.
2:51 of 3rd period - Shot Misses the Net.
2:58 of 3rd period - Icing by Adam Cracknell .
2:59 of 3rd period - Adam Cracknell wins face-off versus Michael Sgarbossa in Barracuda zone.
3:28 of 3rd period - Shot by Michael Sgarbossa.
3:28 of 3rd period - Stopped by Joel Rumpel without a rebound.
3:29 of 3rd period - Brendan Warren wins face-off versus Curtis McKenzie in Barracuda zone.
3:29 of 3rd period - Brendan Warren is hit by Curtis McKenzie.
3:42 of 3rd period - Shot by Brendan Warren.
3:42 of 3rd period - Stopped by Adam Werner without a rebound.
3:43 of 3rd period - Jordy Bellerive wins face-off versus Sam Carrick in Rampage zone.
3:56 of 3rd period - Shot by Dmytro Timashov.
3:56 of 3rd period - Stopped by Joel Rumpel without a rebound.
3:57 of 3rd period - Adam Cracknell wins face-off versus Curtis McKenzie in Barracuda zone.
4:23 of 3rd period - Shot by Adam Cracknell .
4:23 of 3rd period - Stopped by Adam Werner without a rebound.
4:24 of 3rd period - Brendan Warren wins face-off versus Michael Sgarbossa in Rampage zone.
5:28 of 3rd period - Jayson Megna is hit by Adam Cracknell .
5:43 of 3rd period - Matthew Phillips is hit by Josh Brown and loses puck.
5:49 of 3rd period - Shot by Adam Cracknell .
5:49 of 3rd period - Deflect By Trent Frederic.
5:49 of 3rd period - Shot Misses the Net.
5:58 of 3rd period - Icing by Josh Brown.
5:59 of 3rd period - Curtis McKenzie wins face-off versus Jordy Bellerive in Rampage zone.
6:10 of 3rd period - Icing by Joseph Labate.
6:11 of 3rd period - Curtis McKenzie wins face-off versus Brendan Warren in Rampage zone.
6:24 of 3rd period - Shot by Brendan Warren.
6:24 of 3rd period - Stopped by Adam Werner without a rebound.
6:25 of 3rd period - Jordy Bellerive wins face-off versus Sam Carrick in Rampage zone.
7:12 of 3rd period - Off-side.
7:13 of 3rd period - Michael Sgarbossa wins face-off versus Matthew Phillips in neutral zone.
7:18 of 3rd period - Shot by Hudson Fasching.
7:18 of 3rd period - Goal by Hudson Fasching - Barracuda : 5 - Rampage : 8.
7:19 of 3rd period - Adam Cracknell wins face-off versus Michael Sgarbossa in neutral zone.
9:07 of 3rd period - Shot by Brent Gates.
9:07 of 3rd period - Shot Blocked by Curtis McKenzie.
9:16 of 3rd period - Icing by Andy Welinski.
9:17 of 3rd period - Sam Carrick wins face-off versus Brendan Warren in Barracuda zone.
9:20 of 3rd period - Shot by Joey Anderson.
9:20 of 3rd period - Stopped by Joel Rumpel with a rebound.
10:06 of 3rd period - Off-side.
10:07 of 3rd period - Eric Cornel wins face-off versus Jordy Bellerive in neutral zone.
10:07 of 3rd period - Eric Cornel is hit by Graham Knott.
10:15 of 3rd period - Shot by Josh Leivo.
10:15 of 3rd period - Shot Misses the Net.
10:24 of 3rd period - Minor Penalty to Erik Gudbranson for Slashing.
10:25 of 3rd period - Adam Cracknell wins face-off versus Jayson Megna in Rampage zone.
10:40 of 3rd period - Shot by Curtis McKenzie.
10:40 of 3rd period - Stopped by Joel Rumpel with a rebound.
10:42 of 3rd period - Shot by Robert Hagg.
10:42 of 3rd period - Stopped by Joel Rumpel without a rebound.
10:43 of 3rd period - Jayson Megna wins face-off versus Adam Cracknell in Barracuda zone.
10:58 of 3rd period - Shot by Matthew Phillips.
10:58 of 3rd period - Stopped by Adam Werner without a rebound.
10:59 of 3rd period - Jayson Megna wins face-off versus Brendan Warren in Rampage zone.
12:02 of 3rd period - Trent Frederic is hit by Dmytro Timashov and loses puck.
12:06 of 3rd period - Matthew Phillips is hit by Nick Holden and loses puck.
12:24 of 3rd period - Shot by Brendan Warren.
12:24 of 3rd period - Stopped by Adam Werner without a rebound.
12:25 of 3rd period - Michael Sgarbossa wins face-off versus Jordy Bellerive in Rampage zone.
12:49 of 3rd period - Shot by Jordy Bellerive.
12:49 of 3rd period - Shot Misses the Net.
12:51 of 3rd period - Shot by Jordy Bellerive.
12:51 of 3rd period - Stopped by Adam Werner without a rebound.
12:52 of 3rd period - Sam Carrick wins face-off versus Fredrik Olofsson in Rampage zone.
13:37 of 3rd period - Fredrik Olofsson is hit by Erik Gudbranson and loses puck.
14:09 of 3rd period - Jayson Megna is hit by Andy Welinski and loses puck.
15:04 of 3rd period - Icing by Julius Bergman.
15:05 of 3rd period - Jordy Bellerive wins face-off versus Michael Sgarbossa in Barracuda zone.
15:32 of 3rd period - Michael Sgarbossa is hit by Julius Bergman and loses puck.
16:17 of 3rd period - Shot by Josh Leivo.
16:17 of 3rd period - Shot Blocked by Julius Bergman.
16:19 of 3rd period - Shot by Eric Cornel.
16:19 of 3rd period - Shot Misses the Net.
16:21 of 3rd period - Shot by Josh Leivo.
16:21 of 3rd period - Goal by Josh Leivo - Barracuda : 5 - Rampage : 9.
16:22 of 3rd period - Dmytro Timashov wins face-off versus Trent Frederic in neutral zone.
16:42 of 3rd period - Minor Penalty to Dmytro Timashov for Tripping.
16:43 of 3rd period - Jayson Megna wins face-off versus Brendan Warren in Rampage zone.
16:59 of 3rd period - Scott Harrington is hit by Curtis McKenzie.
18:03 of 3rd period - Shot by Matthew Phillips.
18:03 of 3rd period - Stopped by Adam Werner with a rebound.
18:05 of 3rd period - Shot by Robert Bortuzzo.
18:05 of 3rd period - Shot Misses the Net.
18:07 of 3rd period - Shot by Robert Bortuzzo.
18:07 of 3rd period - Shot Misses the Net.
18:09 of 3rd period - Shot by Nicolas Meloche.
18:09 of 3rd period - Shot Misses the Net.
18:40 of 3rd period - Icing by Alexis D'Aoust.
18:41 of 3rd period - Brendan Warren wins face-off versus Jayson Megna in Barracuda zone.
19:30 of 3rd period - Andrei Altybarmakyan is hit by Nick Ritchie and loses puck.
19:34 of 3rd period - Julius Bergman is hit by Erik Gudbranson and loses puck.
19:55 of 3rd period - Shot by Brendan Warren.
19:55 of 3rd period - Stopped by Adam Werner with a rebound.
Goals for this period are 0 for Barracuda vs 2 for Rampage.
Shots for this period are 8 for Barracuda vs 10 for Rampage.